AoeStats
← tenkane

Arena

510566352Analyzed
1v1 RM · 15h ago on Oct 1, 2026· 73m 40s· 2 players
Game mode
Random Map
Map size
Tiny (2 player)
Population
200
Speed
Normal
Resources
Standard
Victory
Conquest
Starting age
Dark Age
Ending age
Imperial Age
RankedLock teamsTeams togetherTeam positionsShared explorationLock speedFull tech treeHidden civsTurbo modeCheats
Victory
Defeat
🇳🇱 Bohemians · Netherlands
1276
+19
🇫🇮 Britons · Finland
1338
-19
De Opperbaas JM
11:03 Feudal Age
14:39 Castle Age
12:22 Horse Collar
13:20 Double-Bit Axe
17:07 Bow Saw
19:09 Fletching
19:39 Fervor
19:50 Sanctity
19:42 Heavy Plow
19:38 Loom
20:48 Town Watch
23:01 Wheelbarrow
23:04 Padded Archer Armor
23:36 Bodkin Arrow
25:18 Hand Cart
26:59 Elite Skirmisher
31:02 Imperial Age
28:45 Fortified Wall
30:12 Chemistry
30:52 Leather Archer Armor
31:14 Town Patrol
31:28 Masonry
31:32 Houfnice
33:18 Bracer
33:56 Ballistics
34:33 Conscription
34:21 Wagenburg Tactics
42:12 Architecture
42:42 Siege Engineers
44:34 Cavalier
45:15 Husbandry
45:23 Scale Barding Armor
45:49 Ring Archer Armor
45:30 Forging
46:27 Capped Ram
51:33 Light Cavalry
58:09 Chain Barding Armor
64:19 Two-Man Saw
64:11 Iron Casting
64:01 Bombard Tower
68:24 Guilds
71:52 Blast Furnace
tenkane
11:10 Feudal Age
14:56 Castle Age
13:11 Stone Mining
14:27 Double-Bit Axe
18:17 Horse Collar
21:36 Heavy Plow
21:59 Gold Mining
24:17 Fletching
25:54 Wheelbarrow
25:54 Ballistics
25:36 Padded Archer Armor
25:34 Loom
27:08 Bodkin Arrow
27:28 Leather Archer Armor
28:33 Gold Shaft Mining
28:55 Bow Saw
31:56 Imperial Age
29:43 Town Watch
30:18 Hand Cart
30:10 Gambesons
29:45 Man-at-Arms
30:25 Squires
30:11 Arson
31:09 Forging
30:59 Scale Mail Armor
32:16 Yeomen
31:21 Long Swordsman
32:42 Iron Casting
32:14 Elite Longbowman
34:19 Two-Man Saw
32:45 Two-Handed Swordsman
33:42 Warwolf
34:03 Conscription
35:27 Chemistry
34:37 Masonry
34:22 Murder Holes
35:47 Hoardings
35:22 Bracer
35:37 Chain Mail Armor
36:41 Champion
37:53 Ring Archer Armor
38:24 Blast Furnace
37:55 Plate Mail Armor
38:06 Siege Engineers
37:42 Treadmill Crane
42:16 Architecture
64:44 Scale Barding Armor
65:51 Husbandry
66:37 Light Cavalry
Connection lost

Rejoining the realm…

Still unreachable

The connection could not be restored.

Session expired

The server has moved on; the page needs a fresh start.